 Dungeon Crawl Stone Soup version 0.17.1-3-g152610e (webtiles) character file.

38402 kaze the Nimble (level 13, -6/131 HPs)
             Began as a Troll Berserker on Apr 25, 2016.
             Was an Elder of Trog.
             Mangled by a hornet (15 damage)
             ... while paralysed by a hornet
             ... on level 15 of the Dungeon.
             The game lasted 00:44:25 (12883 turns).

kaze the Nimble (Troll Berserker)                  Turns: 12883, Time: 00:44:25

Health: -6/131     AC: 23    Str: 36    XL:     13   Next: 63%
Magic:  13/13      EV:  1    Int:  3    God:    Trog [****..]
Gold:   940        SH:  0    Dex: 13    Spells: 0 memorised, 12 levels left

rFire  . . .     SeeInvis .     a - +9 scythe (protect)
rCold  + . .     Clarity  .     M - +2 robe {rC+}
rNeg   . . .     SustAt   .     (shield currently unavailable)
rPois  .         Gourm    +     (helmet restricted)
rElec  +         Spirit   .     d - +2 cloak
rCorr  .         Warding  .     (gloves unavailable)
rMut   .         Stasis   .     (boots unavailable)
MR     ++...                    o - amulet of rage
Stlth  +++.......               j - +4 ring of strength
                                g - +4 ring of protection

@: paralysed, lethally poisoned (-6 -> -16), regenerating, slowed, very
resistant to hostile enchantments, fairly stealthy
A: unfitting armour, antennae 1, claws 3, thin metallic scales 1, thin skeletal
structure 1, yellow scales 1, agile 1, fast metabolism 3, gourmand, high mp 1,
sense surroundings 1, regeneration 2, shaggy fur 1, electricity resistance, spit
poison 1, tough skin 2
a: Spit Poison, Berserk, Trog's Hand, Brothers in Arms, Burn Spellbooks,
Renounce Religion, Evoke Berserk Rage


You were on level 15 of the Dungeon.
You worshipped Trog.
Trog was greatly pleased with you.
You were not hungry.

You visited 1 branch of the dungeon, and saw 15 of its levels.

You collected 940 gold pieces.

Inventory:

Hand Weapons
 a - a +9 scythe of protection (weapon)
 b - a +8 arbalest
 t - a +1 great mace of protection
 X - a +4 scimitar of flaming
Missiles
 v - 24 bolts
 K - 7 javelins of penetration
 L - a steel tomahawk (quivered)
 P - 8 tomahawks of returning
 V - 8 large rocks
Armour
 d - a +2 cloak (worn)
 p - a +0 shield
 M - a +2 robe of cold resistance (worn)
Jewellery
 g - a +4 ring of protection (left claw)
 j - a +4 ring of strength (right claw)
 o - an amulet of rage (around neck)
 E - an uncursed ring of protection from cold
Wands
 q - a wand of magic darts (13)
 r - a wand of flame (18)
 y - a wand of magic darts (24)
 G - a wand of fireball (5)
 J - a wand of lightning (7)
 Q - a wand of draining (7)
 R - a wand of cold (7)
Scrolls
 f - a scroll of enchant armour
 i - 5 scrolls of remove curse
 n - a scroll of fear {unknown}
 I - a scroll of immolation
 N - 2 scrolls of magic mapping
Potions
 e - a potion of agility
 h - 4 potions of curing
 k - a potion of brilliance
 s - a potion of heal wounds
 u - 2 potions of flight
 x - 2 potions of magic
 z - 2 potions of degeneration {unknown}
 A - 2 potions of invisibility {unknown}
 B - 4 potions of might {unknown}
 C - a potion of cure mutation {unknown}
 O - a potion of cancellation {unknown}
 S - a potion of resistance {unknown}
Comestibles
 c - 7 bread rations
 l - 20 fruits
 m - 3 meat rations
 H - 2 slices of pizza
 T - 2 beef jerkies


   Skills:
 + Level 9.1 Fighting
 + Level 10.0 Polearms
 + Level 1.0 Crossbows
 + Level 3.3 Throwing
 + Level 13.3 Dodging
 + Level 4.4 Stealth
 + Level 4.6 Unarmed Combat


You had 12 spell levels left.
You didn't know any spells.

Dungeon Overview and Level Annotations

Branches:
Dungeon (15/15)            Temple (0/1) D:4            Lair (0/8) D:11
    Orc (0/4) D:9          Vaults (0/5) D:13
 Depths: D:15

Altars:
Ashenzari
Cheibriados
Dithmenos
Elyvilon
Kikubaaqudgha
Okawaru
Trog
The Shining One
Beogh

Shops:
D:4 =   D:5 }[:   D:8 }   D:10 }!   D:14 :}


Innate Abilities, Weirdness & Mutations

You are too large for most types of armour.
You have claws for hands.
Your metabolism is lightning-fast.
You like to eat raw meat.
You heal very quickly.
You are covered in fur (AC +1).
You have very tough skin (AC +2).
You have a pair of small antennae on your head.
You are partially covered in thin metallic scales (AC +2).
You have a somewhat thin skeletal structure (Dex +2, Stealth).
You are partially covered in yellow scales (AC +2).
You are agile. (Dex +2)
You have an increased reservoir of magic (+10% MP).
You passively map a small area around you.
You are resistant to electric shocks.
You can spit weak poison.


Message History

You feel as though you will be slow longer.
* * * LOW HITPOINT WARNING * * *
You feel very sick. The hornet barely misses you.
The ogre mage points at the gargoyle and mumbles some strange words.
The hornet stings you but does no damage.
* * * LOW HITPOINT WARNING * * *
You feel very sick. The hornet barely misses you.
Found an escape hatch in the ceiling.
Your skin crawls.
You feel resistant to hostile enchantments.
You feel slightly more hungry.
You feel very sick. The ogre hits you but does no damage.
The hornet stings you.
* * * LOW HITPOINT WARNING * * *
You are lethally poisoned!
You suddenly lose the ability to move!
The ogre hits you but does no damage. The hornet stings you!
You die...

, , #. <..
, ≈ #. ...#
#.,#...#
*#.,....#
#.#.#..#
,** #.....#
*, #..#..##
*#.@....##
,
,#O#y#...##
,,
#..O.....#
,, ,,
#9.#.##.##
,*, ,
#†......#
#.#.#...# *
#.......# ,
, , ,,
#..#..### ,
* #.....##


You could see an ogre mage, a hornet, a gargoyle and an ogre.

Vanquished Creatures
  Rupert (D:14)
  Erolcha (D:12)
  A vault guard (D:13)
  Fannar (D:11)
  3 centaur warriors
  2 tengu warriors
  5 unseen horrors
  2 orc knights (D:15)
  Pikel (D:6)
  A wizard (D:13)
  4 hill giants
  2 necromancers (D:13)
  6 ugly things
  4 cyclopes
  Joseph (D:7)
  A centaur zombie (D:13)
  Psyche (D:8)
  3 centaur skeletons
  2 komodo dragons
  A tengu conjurer (D:14)
  3 two-headed ogres
  4 trolls
  2 trapdoor spiders
  Sigmund (D:2)
  2 wyverns
  6 yaks (D:11)
  4 deep elf magi
  A wraith (D:14)
  A steam dragon (D:14)
  2 hungry ghosts
  15 humans (D:13)
  2 hippogriffs
  2 soldier ants
  2 deep elf fighters
  Edmund (D:6)
  3 vampire mosquitoes (D:14)
  10 orc warriors
  4 ogres
  4 slaves (D:6)
  An ice beast (D:13)
  A phantom (D:10)
  A sky beast (shapeshifter) (D:14)
  4 sky beasts
  2 necrophages
  2 eyes of draining
  6 centaurs
  A gnoll sergeant (D:9)
  2 wyvern zombies (D:14)
  6 big kobolds
  13 giant frogs
  4 scorpions
  21 wights
  18 killer bees
  13 crimson imps
  4 jellies
  6 orc priests
  9 hounds
  2 quasits
  A gnoll shaman (D:5)
  2 giant frog skeletons (D:9)
  3 iguanas
  3 orc wizards
  2 sheep (D:14)
  9 worker ants
  A killer bee zombie (D:8)
  A hound zombie (D:5)
  4 worker ant zombies
  Robin (D:2)
  14 gnolls
  16 adders
  A shadow imp (D:4)
  5 oozes
  2 worms
  44 orcs
  17 bats
  15 goblins
  13 hobgoblins
  13 jackals
  2 quokkas
  5 giant cockroaches
  5 giant geckos
  5 giant newts
  17 kobolds
  32 rats
  A butterfly (D:4)
  2 fungi (D:11)
  A plant (D:11)
465 creatures vanquished.

Vanquished Creatures (collateral kills)
  Azrael (D:14)
  A tengu warrior (D:14)
  Sonja (D:14)
  2 fire elementals (D:14)
  3 hell hounds (D:14)
8 creatures vanquished.

Vanquished Creatures (others)
  A plant (D:15)
1 creature vanquished.

Grand Total: 474 creatures vanquished

Notes
Turn   | Place    | Note
--------------------------------------------------------------
     0 | D:1      | kaze the Troll Berserker began the quest for the Orb.
     0 | D:1      | Reached XP level 1. HP: 22/22 MP: 0/0
   122 | D:1      | Reached XP level 2. HP: 29/29 MP: 1/1
   311 | D:1      | Reached ** piety under Trog
   311 | D:1      | Reached XP level 3. HP: 36/36 MP: 2/2
   820 | D:2      | Noticed Robin
   831 | D:2      | Killed Robin
   833 | D:2      | Reached XP level 4. HP: 45/45 MP: 3/3
   891 | D:2      | Found a faded altar to an unknown god.
   970 | D:2      | Noticed Sigmund
   983 | D:2      | Killed Sigmund
   983 | D:2      | Reached skill level 4 in Unarmed Combat
   983 | D:2      | Reached XP level 5. HP: 24/53 MP: 4/4
  1173 | D:3      | Reached *** piety under Trog
  1319 | D:3      | Reached XP level 6. HP: 61/61 MP: 5/5
  1963 | D:3      | Reached **** piety under Trog
  2170 | D:4      | Found a shadowy altar of Dithmenos.
  2334 | D:4      | Reached skill level 1 in Polearms
  2484 | D:4      | Found Rimiunar's Jewellery Shoppe.
  2653 | D:4      | Found a staircase to the Ecumenical Temple.
  2819 | D:4      | Reached skill level 1 in Stealth
  2916 | D:5      | Entered Level 5 of the Dungeon
  2916 | D:5      | Found Efestra's Gadget Shoppe.
  3048 | D:5      | Found Virhar's Book Boutique.
  3107 | D:5      | Reached XP level 7. HP: 68/68 MP: 6/6
  3217 | D:5      | Found an ancient bone altar of Kikubaaqudgha.
  3294 | D:5      | Reached skill level 5 in Dodging
  3580 | D:5      | Reached XP level 8. HP: 28/78 MP: 7/7
  3581 | D:5      | Found Veipneqiri's Antique Armour Shoppe.
  4066 | D:6      | Noticed Edmund
  4070 | D:6      | Killed Edmund
  4177 | D:6      | Reached skill level 6 in Dodging
  4512 | D:6      | Noticed Pikel
  4525 | D:6      | Killed Pikel
  4525 | D:6      | Reached skill level 7 in Dodging
  4525 | D:6      | Reached XP level 9. HP: 19/87 MP: 8/8
  4800 | D:6      | Reached skill level 5 in Fighting
  5249 | D:7      | Found an iron altar of Okawaru.
  5251 | D:7      | Found a glowing golden altar of the Shining One.
  5251 | D:7      | Found a bloodstained altar of Trog.
  5252 | D:7      | Found a white marble altar of Elyvilon.
  5258 | D:7      | Noticed Joseph
  5274 | D:7      | Killed Joseph
  5423 | D:7      | Reached ***** piety under Trog
  5798 | D:7      | Reached skill level 5 in Polearms
  5930 | D:8      | Gained mutation: You have a somewhat thin skeletal structure (Dex +2, Stealth). [mutagenic meat]
  6000 | D:8      | Reached skill level 8 in Dodging
  6158 | D:8      | Found Musuc's Gadget Shop.
  6252 | D:8      | Noticed Psyche
  6267 | D:8      | Killed Psyche
  6344 | D:8      | Reached XP level 10. HP: 48/98 MP: 9/9
  6706 | D:8      | Gained mutation: You have a pair of small antennae on your head. [potion of beneficial mutation]
  6707 | D:8      | Gained mutation: You are partially covered in thin metallic scales (AC +2). [potion of beneficial mutation]
  6708 | D:8      | Gained mutation: You passively map a small area around you. [potion of beneficial mutation]
  6709 | D:8      | Gained mutation: You are partially covered in yellow scales (AC +2). [potion of beneficial mutation]
  6710 | D:8      | Gained mutation: You have an increased reservoir of magic (+10% MP). [potion of mutation]
  6710 | D:8      | Gained mutation: You are agile. (Dex +2) [potion of mutation]
  6710 | D:8      | Gained mutation: You are weak. (Str -2) [potion of mutation]
  6768 | D:9      | Received a gift from Trog
  7100 | D:9      | Reached skill level 9 in Dodging
  7248 | D:9      | Found a roughly hewn altar of Beogh.
  7248 | D:9      | Found a staircase to the Orcish Mines.
  7445 | D:9      | Found a shattered altar of Ashenzari.
  7455 | D:9      | Found a snail-covered altar of Cheibriados.
  7766 | D:10     | Entered Level 10 of the Dungeon
  7884 | D:10     | Found Ryikaah's Gadget Emporium.
  8161 | D:10     | Found Falux's Distillery.
  8186 | D:10     | Killed an unseen horror
  8650 | D:11     | Noticed Fannar
  8659 | D:11     | Killed Fannar
  8659 | D:11     | Reached XP level 11. HP: 107/107 MP: 11/11
  8716 | D:11     | Reached skill level 10 in Dodging
  8730 | D:11     | Received a gift from Trog
  8855 | D:11     | Received a gift from Trog
  8884 | D:11     | Found a staircase to the Lair.
  9125 | D:11     | Noticed a green ugly thing
  9140 | D:11     | Killed a green ugly thing
  9376 | D:12     | Noticed Erolcha
  9384 | D:12     | Killed Erolcha
 10006 | D:13     | Reached skill level 11 in Dodging
 10154 | D:13     | Reached skill level 1 in Throwing
 10299 | D:13     | Noticed a centaur warrior
 10313 | D:13     | Killed a centaur warrior
 10313 | D:13     | Reached XP level 12. HP: 77/118 MP: 12/12
 10439 | D:13     | Killed an unseen horror
 10439 | D:13     | Received a gift from Trog
 10642 | D:13     | Noticed a necromancer
 10654 | D:13     | Killed a necromancer
 10671 | D:13     | Noticed a necromancer
 10694 | D:13     | Killed a necromancer
 10735 | D:13     | Found a gate to the Vaults.
 10735 | D:13     | Noticed a vault guard
 10735 | D:13     | Noticed a wizard
 10735 | D:13     | Noticed a vault guard
 10735 | D:13     | Noticed a vault guard
 10808 | D:13     | Received a gift from Trog
 10886 | D:13     | Killed a wizard
 10923 | D:13     | Killed a vault guard
 11007 | D:14     | Noticed a centaur warrior
 11011 | D:14     | Killed a centaur warrior
 11049 | D:14     | Reached skill level 12 in Dodging
 11123 | D:14     | Noticed Sonja
 11179 | D:14     | Noticed Azrael
 11194 | D:14     | Killed Azrael
 11207 | D:14     | Gained mutation: You can spit weak poison. [potion of mutation]
 11207 | D:14     | Gained mutation: You are resistant to electric shocks. [potion of mutation]
 11228 | D:14     | Found Uguxzewn's Book Shoppe.
 11296 | D:14     | Found Kennuepp's Quality Used Wands.
 11403 | D:14     | Noticed a centaur warrior
 11414 | D:14     | Killed a centaur warrior
 11414 | D:14     | Reached XP level 13. HP: 128/128 MP: 13/13
 11441 | D:14     | Noticed Rupert
 11581 | D:14     | Lost mutation: You are weak. (Str -2) [mutagenic meat]
 11582 | D:14     | Lost mutation: You are agile. (Dex +2) [mutagenic meat]
 11584 | D:14     | Gained mutation: You are agile. (Dex +2) [mutagenic meat]
 11620 | D:14     | Killed Sonja
 12088 | D:14     | Killed Rupert
 12088 | D:14     | Reached skill level 13 in Dodging
 12342 | D:15     | Entered Level 15 of the Dungeon
 12561 | D:15     | Reached skill level 10 in Polearms
 12572 | D:15     | Reached skill level 1 in Crossbows
 12775 | D:15     | HP: 2/131 [large slime creature (16)]
 12792 | D:15     | HP: 5/131 [slime creature (10)]
 12883 | D:15     | Paralysed by a hornet for 2 turns
 12883 | D:15     | Mangled by a hornet

Action                   |  1- 3 |  4- 6 |  7- 9 | 10-12 | 13-15 || total
-------------------------+-------+-------+-------+-------+-------++-------
Melee: Unarmed           |    84 |    27 |       |       |       ||   111
       Scythe            |       |   129 |   366 |   675 |   174 ||  1344
 Fire: Arbalest          |       |       |       |       |    10 ||    10
Throw: Tomahawk          |       |       |     5 |    58 |     7 ||    70
       Javelin           |       |       |       |     4 |     3 ||     7
Invok: Berserk           |     1 |     1 |     7 |    12 |     3 ||    24
       Trog's Hand       |       |     1 |     2 |    14 |     7 ||    24
       Burn Spellbooks   |       |       |       |     4 |       ||     4
       Brothers in Arms  |       |       |       |     1 |     1 ||     2
  Use: Scroll            |       |       |     1 |    36 |     6 ||    43
       Potion            |       |       |       |     7 |     3 ||    10
 Stab: Distracted        |     1 |       |       |     2 |     1 ||     4
       Sleeping          |       |     6 |     7 |    16 |     1 ||    30
  Eat: Chunk             |     8 |    25 |    34 |    65 |    19 ||   151
       Meat ration       |       |       |     1 |       |       ||     1
       Bread ration      |       |       |     1 |       |     2 ||     3
       Fruit             |       |       |       |     8 |       ||     8
